 Dungeon Crawl Stone Soup version 0.14-a0-155-gd989017 (webtiles) character file.

134149 PolkaDot the Brawler (level 16, -9/159 HPs)
             Began as a Troll Death Knight on Oct 4, 2013.
             Was the Champion of Yredelemnul.
             Killed from afar by a deep elf sorcerer (40 damage)
             ... with a blast of hellfire
             ... on Level 3 of the Elven Halls on Oct 5, 2013.
             The game lasted 04:10:41 (29780 turns).

PolkaDot the Brawler (Troll Death Knight)          Turns: 29780, Time: 04:10:43

HP  -9/159       AC 23     Str 30      XL: 16   Next: 57%
MP   0/28        EV 13     Int  5 (6)  God: Yredelemnul [******]
Gold 1647        SH  0     Dex 18      Spells:  0 memorised, 15 levels left

Res.Fire  : + . .   See Invis. : .     - Unarmed
Res.Cold  : + . .   Warding    : .   V - +0 storm dragon armour
Life Prot.: . . .   Conserve   : .   (shield restricted)
Res.Poison: .       Res.Corr.  : .   f - +2 hat of the Alchemist {rElec rF+ rC+ MR+ Res.Elec. : + Clarity : . c - +1 cloak {MR+}
Sust.Abil.: + .     Spirit.Shd : +   (gloves unavailable)
Res.Mut.  : .       Stasis     : .   (boots unavailable)
Res.Rott. : .       Flight     : .   u - amulet of guardian spirit
Gourmand  : +                        x - ring of sustain abilities
                                     H - ring of sustenance

@: invisible (expiring), mighty, agile, mildly poisoned, very slightly
contaminated, hasted, wreathed by umbra, heavily drained, very quick, extremely
resistant to hostile enchantments, extremely unstealthy
A: unfitting armour, claws 3, hooves 1, deterioration 1, fast metabolism 3,
gourmand, magic resistance 1, regeneration 2, saprovore 2, electricity
resistance, tough skin 2, wild magic 1, AC +5, EV +2, Int -2
a: Animate Dead, Recall Undead Slaves, Injury Mirror, Drain Life, Enslave Soul,
Renounce Religion


You were on level 3 of the Elven Halls.
You worshipped Yredelemnul.
Yredelemnul was exalted by your worship.
You were completely stuffed.

You visited 4 branches of the dungeon, and saw 35 of its levels.
You visited 1 bazaar.
You also visited: Sewer, Bailey and Ice Cave.

You collected 3466 gold pieces.
You spent 1839 gold pieces at shops.

Inventory:

Armour
 c - a +1 cloak of magic resistance (worn)
 f - the +2 hat of the Alchemist (worn) {rElec rF+ rC+ MR+}
   (You found it on level 8 of the Lair of Beasts)

   It protects you from fire.
   It protects you from cold.
   It insulates you from electricity.
   It affects your resistance to hostile enchantments.
 V - a +0 storm dragon armour (worn)
Magical devices
 d - a wand of digging (13)
 m - a wand of heal wounds (5)
 p - a wand of random effects (10)
 r - a wand of frost (14)
 t - a wand of heal wounds (0)
 A - a wand of random effects (6)
 C - a wand of magic darts (14)
 E - a wand of disintegration (4)
Comestibles
 q - 15 sultanas
 z - a lychee
 B - a meat ration
 G - 2 rotting chunks of elf flesh
Scrolls
 g - a scroll of fog
 h - a scroll of vulnerability
 s - 2 scrolls of recharging
Jewellery
 u - an amulet of guardian spirit (around neck)
 x - a ring of sustain abilities (right claw)
 F - an uncursed amulet of resist mutation
 H - a ring of sustenance (left claw)
Potions
 b - a potion of agility
 i - 2 potions of resistance
 l - a potion of berserk rage
 n - 5 potions of brilliance
 v - 13 potions of curing
 D - a potion of magic
 M - a potion of flight
 O - 6 potions of restore abilities
 P - a potion of porridge
 Q - a potion of cure mutation


   Skills:
 * Level 12.1(10.5) Fighting
 - Level 6.2(4.8) Armour
 - Level 6.0(4.6) Dodging
 * Level 19.4(17.5) Unarmed Combat
 - Level 12.6(11.0) Invocations
 - Level 3.0(1.7) Evocations


You had 15 spell levels left.
You didn't know any spells.

Dungeon Overview and Level Annotations

Branches:
Dungeon (20/27)            Temple (0/1) D:6             Orc (4/4) D:7
    Elf (3/3) Orc:4          Lair (8/8) D:10         Shoals (0/5) Lair:5
 Spider (0/5) Lair:3        Slime (0/6) Lair:6       Vaults (0/5) D:18

Altars:
Fedhas
Kikubaaqudgha
Sif Muna
Xom
Beogh
Jiyva

Shops:
D:6 (!%!   D:13 *   D:15 (   D:16 !   Orc:4 %[[(   Elf:1 *

Portals:
Trove: D:16 (give 6 potions of speed)


Innate Abilities, Weirdness & Mutations

You are too large for most types of armour.
You have claws for hands.
Your metabolism is lightning-fast.
You like to eat raw meat.
You heal very quickly.
You can eat rotten meat.
You are covered in fur (AC +1).
You have very tough skin (AC +2).
You have large cloven feet.
You are surrounded by a mild repulsion field (EV +2).
You are partially covered in iridescent scales (AC +4).
Your body is slowly deteriorating.
You are dopey. (Int -2)
You are resistant to hostile enchantments.
You are resistant to electric shocks.
Your spells are a little harder to cast, but a little more powerful.


Message History

The ball of steam hits the orange demon.
The orange demon dies!
The sixfirhy hits your profane servitor!
The sixfirhy shocks your profane servitor.
The crimson imp blinks!
Really walk into that cloud of seething chaos?
Okay, then.
Drink which item? (? for menu, Esc to quit)
Okay, then.
Use which ability? (? or * to list)
You haven't enough magic at the moment.
You mangle the sixfirhy!!
The sixfirhy is almost dead.
The sixfirhy completely misses your profane servitor.
Your profane servitor barely misses the sixfirhy.
Your profane servitor hits the sixfirhy with a glowing whip.
The deep elf sorcerer casts a spell at you.
The hellfire explodes!
The blast of hellfire engulfs you!
You die...
Your body rises from the dead as a mindless zombie.

#.<# #z.# #WD#
#####D%# #AD.DA%#
#D###### ### #W#
#.### #z# #.4@###
#W# #.A)§e## #.#
#4#33§33####.#
#2##§4e5§.##)##4
#..####44e5§e4.e
#W4..##e4..4§e§.
#53.41##3)44.3.§.
#...32.())e.43e.e
#..5W4§5)z44..e5..


You could see a green death, 3 deep elf sorcerers, an ice devil, an orange
demon, 2 iron devils, 2 sixfirhies, 2 smoke demons, 2 neqoxecs, a rotting devil,
a deep elf mage, a quasit and a friendly profane servitor.

Vanquished Creatures
  A deep elf blademaster (Elf:3)
  Roxanne (D:14)
  Wiglaf (D:20)
  3 deep elf annihilators
  A dragon (D:18)
  A great orb of eyes (D:20)
  3 hydras
  Erica (D:13)
  2 ogre magi
  10 death yaks
  A spectral elf (Elf:3)
  6 centaur warriors
  2 catoblepae
  6 deep elf knights
  Erolcha (D:10)
  5 skeletal warriors
  2 sun demons (Elf:3)
  A fire crab (shapeshifter) (D:20)
  An unseen horror (D:13)
  5 slime creatures
  3 giant amoebae
  A wizard (D:20)
  4 deep elf conjurers
  A necromancer (Lair:5)
  8 hill giants
  6 orc knights
  3 griffons
  An orc sorcerer (Elf:2)
  2 elephants (Lair:7)
  The ghost of 4tharraofdagon the Covert, an experienced SpAK of Lugonu (D:13)
  A frost giant zombie (D:19)
  11 cyclopes
  A fire giant skeleton (D:18)
  A red wasp (D:17)
  A red wasp (shapeshifter) (D:20)
  Maurice (D:11)
  2 deep elf summoners (Elf:1)
  2 black mambas
  An eye of devastation (D:18)
  2 feature mimics
  4 spiny frogs
  A yaktaur (D:14)
  2 blue devils
  A fire drake (Lair:6)
  4 deep elf priests
  A spriggan (shapeshifter) (D:16)
  A hydra zombie (D:17)
  An iron troll skeleton (D:20)
  8 trolls
  An air elemental (D:20)
  6 komodo dragons
  A spectral orc (Lair:3)
  5 two-headed ogres
  A trapdoor spider zombie (D:13)
  3 basilisks
  2 redbacks
  3 wyverns
  10 sharks
  A chaos spawn (Elf:3)
  45 yaks
  31 ugly things
  A trapdoor spider (D:20)
  A water elemental (D:13)
  3 hill giant zombies
  A shadow (D:14)
  2 vampires (D:17)
  3 hill giant skeletons
  3 deep elf magi
  4 wraiths
  A vampire mosquito (D:13)
  A steam dragon (shapeshifter) (Elf:3)
  5 hippogriffs
  2 manticores
  4 deep elf fighters
  2 hungry ghosts
  2 mottled dragons
  18 wolves
  A black bear (D:10)
  2 necrophages
  A soldier ant (shapeshifter) (D:17)
  8 porcupines
  Purgy (Sewer)
  3 sky beasts
  A dwarf (shapeshifter) (D:17)
  A human (D:12)
  8 ice beasts
  10 centaurs
  23 orc warriors
  4 phantoms
  9 ogres
  A big kobold (D:15)
  10 crocodiles
  An elf zombie (D:9)
  15 giant frogs
  6 giant slugs
  A komodo dragon zombie (D:16)
  A yaktaur zombie (D:18)
  3 agate snails
  A cyclops zombie (D:13)
  9 water moccasins
  A yaktaur skeleton (D:16)
  A gnoll sergeant (D:9)
  3 eyes of draining
  2 cyclops skeletons
  12 electric eels
  A manticore skeleton (D:13)
  A troll skeleton (D:9)
  13 killer bees
  A yak skeleton (D:13)
  9 wights
  A hippogriff skeleton (D:12)
  The ghost of 4tharraofdagon the Vexing, a weakling SpEn of Ashenzari (D:5)
  4 goliath beetles
  2 jellyfish
  8 crimson imps
  17 orc priests
  2 basilisk zombies
  A boring beetle zombie (D:18)
  3 iguanas
  16 hounds
  A quasit (D:8)
  3 jellies
  8 big fish
  3 scorpions
  A shapeshifter simulacrum (D:13)
  22 sheep
  2 grizzly bear simulacra (Lair:5)
  10 orc wizards
  5 orange rats (Lair:7)
  A brain worm zombie (D:12)
  A killer bee zombie (D:11)
  5 worker ants
  An ogre zombie (D:5)
  A big kobold zombie (D:11)
  A big kobold skeleton (D:14)
  4 boggarts (D:20)
  3 mummies
  15 adders
  14 green rats
  3 giant centipedes
  5 gnolls (D:9)
  A hound simulacrum (Lair:5)
  12 white imps (Orc:3)
  A goliath beetle zombie (D:12)
  6 worms
  An ufetubus (Elf:3)
  2 giant centipede zombies
  An adder skeleton (D:9)
  A grey rat (D:3)
  2 sheep simulacra (Lair:5)
  An ooze (D:3)
  107 orcs
  2 ball pythons
  4 giant cockroaches
  23 goblins
  16 hobgoblins
  3 human zombies (D:9)
  19 jackals
  20 kobolds
  8 quokkas
  22 bats
  6 giant geckos
  2 giant newts
  2 giant spores
  A goblin zombie (D:5)
  An orc zombie (D:9)
  A quokka skeleton (D:3)
  13 rats
  3 rat simulacra (Lair:5)
  22 ballistomycetes
923 creatures vanquished.

Vanquished Creatures (collateral kills)
  Norris (Elf:2)
  A deep elf blademaster (Elf:3)
  A deep elf master archer (Elf:3)
  Donald (Orc:4)
  2 deep elf sorcerers (Elf:3)
  An orc warlord (D:19)
  5 deep elf demonologists (Elf:3)
  5 deep elf annihilators
  2 deep elf death magi
  The ghost of prkl the Bludgeoner, a powerful OgBe of Trog (D:13)
  Josephine (D:13)
  2 hydras
  7 death yaks (Lair:8)
  An ogre mage (D:19)
  The ghost of tsouns the Black Belt, a powerful GrMo of Makhleb (D:10)
  Urug (D:11)
  A rakshasa (D:19)
  2 centaur warriors
  2 catoblepae (Lair:8)
  3 ice devils
  3 deep elf knights (Elf:1)
  A hell beast (Elf:3)
  An unseen horror (D:12)
  2 skeletal warriors
  2 giant amoebae
  2 spectral elves (Elf:3)
  2 hill giants
  Joseph (Orc:4)
  A wolf spider (D:19)
  2 orc knights (Bailey)
  3 cyclopes
  4 deep elf conjurers
  2 griffons
  A stone giant zombie (D:19)
  4 deep elf summoners
  A sixfirhy (Elf:3)
  2 elephants (Lair:7)
  2 black mambas
  5 orange demons
  6 spiny frogs
  A demonic crawler (Elf:1)
  2 iron devils
  4 deep elf priests
  3 fire drakes
  A hellwing (Elf:1)
  2 jumping spiders
  A red devil (Elf:3)
  4 centaurs
  2 trolls (D:19)
  3 komodo dragons
  3 blue devils
  A hydra skeleton (D:14)
  4 slime creatures
  2 two-headed ogres
  5 trapdoor spiders
  2 basilisks
  7 redbacks
  12 yaks
  A wyvern (Lair:7)
  7 tarantellas
  4 ugly things
  12 deep elf magi
  3 chaos spawn
  A vampire mosquito (D:13)
  A neqoxec (Elf:3)
  2 hill giant zombies
  10 deep elf fighters
  2 sharks (D:10)
  6 hippogriffs
  A hill giant skeleton (D:13)
  A rock worm (Elf:1)
  A wolf (Lair:3)
  A mottled dragon (D:14)
  A soldier ant (shapeshifter) (Elf:1)
  16 orc warriors
  4 ice beasts
  5 porcupines
  4 giant goldfish
  10 ogres
  A phantom (D:7)
  A boring beetle (shapeshifter) (D:19)
  3 crocodiles
  A lost soul (Elf:3)
  A rotting devil (Elf:1)
  2 wargs
  A giant slug (Lair:8)
  2 water moccasins
  An agate snail (Lair:8)
  3 giant frogs
  A big kobold (D:14)
  An eye of draining (D:13)
  A boulder beetle zombie (D:20)
  4 jellyfish
  A troll skeleton (D:7)
  11 killer bees
  A vampire bat (Orc:4)
  3 electric eels (D:10)
  A big fish (Lair:4)
  2 crimson imps
  6 spiders (D:13)
  2 giant frog zombies
  A hound (D:8)
  A quasit (Elf:3)
  11 orc priests
  An iron imp (Elf:3)
  8 orange rats
  13 orc wizards
  A grizzly bear simulacrum (Lair:5)
  3 worker ants
  3 sheep (D:19)
  A boggart (D:20)
  A mummy (D:7)
  17 green rats
  A giant centipede (Lair:1)
  2 lemures (Elf:3)
  A shadow imp (Elf:3)
  5 adders
  A white imp (Elf:3)
  A worm (D:8)
  4 ufetubi (Elf:3)
  An adder zombie (D:8)
  2 giant geckos
  63 orcs
  A sheep simulacrum (Lair:5)
  8 bats
  A goblin (Orc:4)
  3 hobgoblins (D:7)
  4 jackals
  A kobold (D:7)
  2 quokkas
  2 rats
  A rat simulacrum (Lair:5)
  2 ballistomycetes
  A bush (Lair:8)
  6 fungi
  8 plants (Lair:8)
472 creatures vanquished.

Vanquished Creatures (others)
  2 bone dragons (Elf:3)
  A ghoul (D:19)
  2 death cobs (Elf:3)
  5 skeletal warriors
  2 deep elf knights (Elf:3)
  A spectral elf (Elf:3)
  3 flayed ghosts
  2 deep elf conjurers (Elf:3)
  2 phantasmal warriors
  A flaming corpse (D:19)
  A deep elf summoner (Elf:3)
  An orange demon (Elf:3)
  A death yak zombie (Lair:8)
  A jumping spider (Elf:3)
  A tarantella zombie (Lair:8)
  3 ugly thing zombies
  10 flying skulls
  A tarantella (Elf:3)
  A redback (Elf:1)
  An ugly thing (D:18)
  6 deep elf magi
  2 wraiths (Lair:8)
  A soldier ant (D:18)
  A hippogriff (D:12)
  2 deep elf fighters (Elf:3)
  A human zombie (D:20)
  4 freezing wraiths
  A centaur (D:18)
  A rotting devil (Elf:3)
  2 giant slug zombies
  A manticore skeleton (D:18)
  A cyclops zombie (D:18)
  A troll zombie (D:19)
  3 yak zombies
  2 hippogriff zombies (Lair:8)
  A wight (D:10)
  A two-headed ogre zombie (D:16)
  A crimson imp (D:10)
  3 giant frog zombies
  A centaur skeleton (D:12)
  5 centaur zombies
  4 elf zombies
  A water moccasin zombie (Lair:7)
  A giant frog skeleton (Lair:2)
  3 killer bee zombies
  3 ogre zombies
  A hound skeleton (D:11)
  2 mummies
  A big fish zombie (D:10)
  2 orange rat zombies (Lair:7)
  A shadow imp (Elf:3)
  A lemure (Elf:3)
  An ufetubus (Elf:3)
  A sheep zombie (D:19)
  2 giant centipede zombies
  3 adder zombies
  2 electric eel zombies
  A sheep skeleton (D:16)
  2 orcs
  5 bat zombies
  A green rat zombie (Lair:8)
  A jackal (D:10)
  A giant gecko zombie (Lair:3)
  2 giant spores (D:12)
  2 jackal zombies (D:10)
  3 orc skeletons
  6 orc zombies
  9 spectral orcs
  A ballistomycete (D:12)
  6 crawling corpses (Elf:3)
  3 fungi
  A plant (Lair:7)
156 creatures vanquished.

Grand Total: 1551 creatures vanquished

Notes
Turn   | Place    | Note
--------------------------------------------------------------
     0 | D:1      | PolkaDot, the Troll Death Knight, began the quest for the Orb.
     0 | D:1      | Reached XP level 1. HP: 20/20 MP: 2/2
   338 | D:1      | Reached XP level 2. HP: 28/28 MP: 2/2
   465 | D:1      | Reached skill level 3 in Unarmed Combat
   632 | D:1      | Reached XP level 3. HP: 35/35 MP: 4/4
   671 | D:1      | Acquired Yredelemnul's second power
  1017 | D:2      | Reached skill level 4 in Unarmed Combat
  1167 | D:2      | Found a blossoming altar of Fedhas.
  1267 | D:2      | Reached XP level 4. HP: 42/42 MP: 4/4
  1401 | D:2      | Found a shimmering altar of Xom.
  1402 | D:2      | Found a shimmering altar of Xom.
  1402 | D:2      | Found a shimmering altar of Xom.
  1402 | D:2      | Found a shimmering altar of Xom.
  1412 | D:2      | Found a shimmering altar of Xom.
  1412 | D:2      | Found a shimmering altar of Xom.
  1412 | D:2      | Found a shimmering altar of Xom.
  1958 | D:3      | Found a glowing drain.
  1965 | D:3      | Reached skill level 5 in Unarmed Combat
  1981 | Sewer    | Entered a sewer
  1995 | Sewer    | Reached XP level 5. HP: 50/50 MP: 5/5
  2011 | Sewer    | Noticed Purgy
  2025 | Sewer    | Killed Purgy
  2178 | D:3      | Acquired Yredelemnul's third power
  2382 | D:3      | Reached XP level 6. HP: 55/58 MP: 6/6
  2730 | D:4      | Reached skill level 6 in Unarmed Combat
  3216 | D:5      | Entered Level 5 of the Dungeon
  3345 | D:5      | Noticed 4tharraofdagon's ghost (weakling SpEn)
  3359 | D:5      | Killed 4tharraofdagon's ghost
  3359 | D:5      | Reached XP level 7. HP: 53/66 MP: 6/6
  3502 | D:5      | Reached skill level 7 in Unarmed Combat
  4057 | D:6      | Found Puc Ishe's Food Shoppe.
  4098 | D:6      | Found Mnablaga's Distillery.
  4108 | D:6      | Received a gift from Yredelemnul
  4168 | D:6      | Found Pnur's Distillery.
  4178 | D:6      | Bought a potion of paralysis for 12 gold pieces
  4178 | D:6      | Bought a potion of confusion for 12 gold pieces
  4178 | D:6      | Bought a potion of degeneration for 24 gold pieces
  4178 | D:6      | Bought a potion of poison for 12 gold pieces
  4229 | D:6      | Found Zejisuomp's Weapon Boutique.
  4274 | D:6      | Found a staircase to the Ecumenical Temple.
  4464 | D:6      | Reached skill level 8 in Unarmed Combat
  4508 | D:6      | Reached XP level 8. HP: 76/76 MP: 6/7
  4730 | D:7      | Received a gift from Yredelemnul
  4911 | D:7      | Found a staircase to the Orcish Mines.
  4928 | D:7      | Acquired Yredelemnul's fourth power
  4928 | D:7      | Reached skill level 9 in Unarmed Combat
  5095 | D:7      | Reached skill level 5 in Fighting
  5230 | D:7      | Received a gift from Yredelemnul
  5471 | D:8      | Reached XP level 9. HP: 79/84 MP: 11/11
  5574 | D:8      | Reached skill level 10 in Unarmed Combat
  5796 | D:8      | Reached skill level 5 in Invocations
  5868 | D:8      | Received a gift from Yredelemnul
  6065 | D:8      | Reached skill level 11 in Unarmed Combat
  6631 | D:9      | Reached XP level 10. HP: 92/94 MP: 14/14
  6667 | D:9      | Found an ancient bone altar of Kikubaaqudgha.
  6751 | D:9      | Noticed a centaur warrior
  6757 | D:9      | Killed a centaur warrior
  6765 | D:9      | Received a gift from Yredelemnul
  7157 | D:10     | Entered Level 10 of the Dungeon
  7202 | D:10     | Noticed Erolcha
  7212 | D:10     | Killed Erolcha
  7249 | D:10     | Gained mutation: You are partially covered in iridescent scales (AC +4). [potion of mutation]
  7249 | D:10     | Gained mutation: You are resistant to hostile enchantments. [potion of mutation]
  7249 | D:10     | Gained mutation: You are resistant to electric shocks. [potion of mutation]
  7266 | D:10     | Acquired Yredelemnul's fifth power
  7278 | D:10     | Found a staircase to the Lair.
  7290 | D:10     | Received a gift from Yredelemnul
  7311 | D:10     | Reached skill level 12 in Unarmed Combat
  7312 | D:10     | Killed tsouns' ghost
  7471 | D:10     | Received a gift from Yredelemnul
  7877 | D:11     | Noticed Maurice
  7888 | D:11     | Killed Maurice
  7888 | D:11     | Reached XP level 11. HP: 59/106 MP: 7/17
  7933 | D:11     | Noticed Urug
  7943 | D:11     | Killed Urug
  8069 | D:11     | Gained mutation: You have large cloven feet. [potion of mutation]
  8069 | D:11     | Gained mutation: You are dopey. (Int -2) [potion of mutation]
  8069 | D:11     | Gained mutation: Your spells are a little harder to cast, but a little more powerful. [potion of mutation]
  8111 | D:12     | Noticed a hill giant
  8123 | D:12     | Killed a hill giant
  8254 | D:12     | Gained mutation: You are surrounded by a mild repulsion field (EV +2). [mutagenic meat]
  8255 | D:12     | Gained mutation: Your body is slowly deteriorating. [mutagenic meat]
  8335 | D:12     | Noticed a hill giant
  8351 | D:12     | Killed an unseen horror
  8749 | D:12     | Killed a hill giant
  8874 | D:12     | Reached skill level 13 in Unarmed Combat
  8895 | D:12     | Noticed a hill giant
  8903 | D:12     | Killed a hill giant
  9172 | D:13     | Noticed 4tharraofdagon's ghost (experienced SpAK)
  9184 | D:13     | Killed 4tharraofdagon's ghost
  9199 | D:13     | Killed an unseen horror
  9233 | D:13     | Found Pruojol's General Store.
  9234 | D:13     | Noticed Josephine
  9277 | D:13     | Killed Josephine
  9315 | D:13     | Bought a scroll of identify for 36 gold pieces
  9315 | D:13     | Bought a scroll of enchant armour for 99 gold pieces
  9321 | D:13     | Received a gift from Yredelemnul
  9370 | D:13     | Found a deep blue altar of Sif Muna.
  9373 | D:13     | Reached XP level 12. HP: 72/118 MP: 20/20
  9419 | D:13     | Noticed prkl's ghost (powerful OgBe)
  9429 | D:13     | Noticed Erica
  9430 | D:13     | Killed prkl's ghost
  9438 | D:13     | Killed Erica
  9438 | D:13     | Reached skill level 10 in Fighting
  9613 | D:13     | Reached skill level 14 in Unarmed Combat
  9633 | D:13     | Noticed a hill giant
  9645 | D:13     | Killed a hill giant
 10078 | Lair:1   | Entered Level 1 of the Lair of Beasts
 10944 | Lair:2   | Reached skill level 1 in Armour
 10966 | Lair:2   | Received a gift from Yredelemnul
 11096 | Lair:2   | Noticed an eight-headed hydra
 11109 | Lair:2   | Killed an eight-headed hydra
 11251 | Lair:2   | Reached XP level 13. HP: 118/127 MP: 23/23
 11593 | Lair:2   | Reached skill level 15 in Unarmed Combat
 11817 | Lair:3   | Found a hole to the Spider Nest.
 11870 | Lair:3   | Noticed Nergalle
 11882 | Lair:3   | Killed Nergalle
 11882 | Lair:3   | Enslaved Nergalle
 12217 | Lair:3   | Reached skill level 10 in Invocations
 12233 | Lair:3   | Received a gift from Yredelemnul
 13282 | Lair:5   | Found a staircase to the Shoals.
 13607 | Lair:5   | Received a gift from Yredelemnul
 14173 | Lair:4   | Your ally orc warrior died
 14173 | Lair:4   | Your ally orc warrior died
 14675 | Lair:6   | Found a viscous altar of Jiyva.
 14675 | Lair:6   | Found a staircase to the Slime Pits.
 14752 | Lair:6   | Received a gift from Yredelemnul
 15996 | Lair:8   | Entered Level 8 of the Lair of Beasts
 16052 | Lair:8   | Your ally orc warrior died
 16111 | Lair:8   | Reached skill level 16 in Unarmed Combat
 16113 | Lair:8   | Received a gift from Yredelemnul
 16184 | Lair:8   | Your ally orc warrior died
 16223 | Lair:8   | Reached XP level 14. HP: 65/136 MP: 24/25
 16365 | Lair:8   | Your ally Nergalle died
 16764 | Lair:8   | Received a gift from Yredelemnul
 16828 | Lair:8   | Reached skill level 5 in Armour
 17227 | Lair:2   | Received a gift from Yredelemnul
 17479 | Orc:1    | Entered Level 1 of the Orcish Mines
 17804 | Orc:3    | Received a gift from Yredelemnul
 17959 | Orc:3    | Found a frozen archway.
 18020 | IceCv    | Entered an ice cave
 18042 | IceCv    | Noticed acidapple's ghost (powerful DrMo)
 18288 | Orc:4    | Entered Level 4 of the Orcish Mines
 18288 | Orc:4    | Found a roughly hewn altar of Beogh.
 18288 | Orc:4    | Noticed Joseph
 18293 | Orc:4    | Killed Joseph
 18307 | Orc:4    | Found a roughly hewn altar of Beogh.
 18373 | Orc:4    | Noticed Harold
 18376 | Orc:4    | Received a gift from Yredelemnul
 18383 | Orc:4    | Killed Harold
 18383 | Orc:4    | Enslaved Harold
 18517 | Orc:4    | Noticed Donald
 18534 | Orc:4    | Killed Donald
 18655 | Orc:4    | Received a gift from Yredelemnul
 18657 | Orc:4    | Found a roughly hewn altar of Beogh.
 18708 | Orc:4    | Found Styn's Food Boutique.
 18708 | Orc:4    | Found a roughly hewn altar of Beogh.
 18794 | Orc:4    | Noticed Saint Roka
 18822 | Orc:4    | Killed Saint Roka
 18822 | Orc:4    | Enslaved Saint Roka
 18822 | Orc:4    | Your ally Harold died
 18833 | Orc:4    | Found a roughly hewn altar of Beogh.
 18833 | Orc:4    | Found Tiobiofi's Antique Weapon Shoppe.
 18888 | Orc:4    | Found Maazo's Antique Armour Emporium.
 18957 | Orc:4    | Found a staircase to the Elven Halls.
 19107 | Orc:4    | Found a roughly hewn altar of Beogh.
 19107 | Orc:4    | Found Plaanwil's Antique Armour Shop.
 19110 | Orc:4    | Received a gift from Yredelemnul
 19262 | Orc:4    | Found a roughly hewn altar of Beogh.
 19267 | Orc:4    | Received a gift from Yredelemnul
 19557 | D:14     | Entered Level 14 of the Dungeon
 19557 | D:14     | Found a labyrinth entrance.
 19702 | D:14     | Found a flagged portal.
 19738 | Bailey   | Entered a bailey
 19764 | Bailey   | Received a gift from Yredelemnul
 20334 | D:14     | Noticed Roxanne
 20351 | D:14     | Killed Roxanne
 20353 | D:14     | Identified Roxanne's Collected Works on Earth (You took it off Roxanne on level 14 of the Dungeon)
 20834 | D:14     | Reached skill level 17 in Unarmed Combat
 20964 | D:14     | Received a gift from Yredelemnul
 21350 | D:15     | Entered Level 15 of the Dungeon
 21426 | D:15     | Noticed Nikola
 21438 | D:15     | Killed Nikola
 21438 | D:15     | Enslaved Nikola
 21480 | D:15     | Found Zivvalir's Weapon Shop.
 22443 | D:16     | Yermak: You sure it's a good idea to enslave Nikola?
 22453 | D:16     | PolkaDot: I have Relec
 22453 | D:16     | PolkaDot: rElec*
 22453 | D:16     | PolkaDot: So, he's not too dangerous to me :3
 22453 | D:16     | Yermak: and other your allies?
 22453 | D:16     | PolkaDot: ... Might die, but I'll be replacing him once something better comes along
 22453 | D:16     | PolkaDot: For now they can suffer :p
 22480 | D:16     | Found Pajous' Distillery.
 22865 | D:16     | Found a portal to a secret trove of treasure.
 23241 | D:16     | Reached XP level 15. HP: 51/146 MP: 27/27
 23673 | D:17     | Received a gift from Yredelemnul
 24830 | D:18     | Reached skill level 18 in Unarmed Combat
 25025 | D:18     | Received a gift from Yredelemnul
 25072 | D:18     | Found a staircase to the Vaults.
 25640 | D:19     | Reached skill level 5 in Dodging
 25712 | D:19     | Received a gift from Yredelemnul
 25898 | D:19     | Received a gift from Yredelemnul
 26319 | D:20     | Entered Level 20 of the Dungeon
 26459 | D:20     | Noticed Wiglaf
 26475 | D:20     | Killed Wiglaf
 27321 | D:20     | Reached XP level 16. HP: 108/157 MP: 28/28
 27947 | Elf:1    | Entered Level 1 of the Elven Halls
 27967 | Elf:1    | Your ally Nikola died
 27983 | Elf:1    | Received a gift from Yredelemnul
 28205 | Elf:1    | Reached skill level 19 in Unarmed Combat
 28247 | Elf:1    | Found Plon's General Store.
 28271 | Elf:1    | Bought an uncursed amulet of inaccuracy for 30 gold pieces
 28624 | Elf:1    | Received a gift from Yredelemnul
 28766 | Elf:2    | Noticed Norris
 28779 | Elf:2    | Killed Norris
 28779 | Elf:2    | Reached skill level 1 in Evocations
 29178 | Elf:2    | Found a flickering gateway to a bazaar.
 29187 | Bazaar   | Entered a bazaar
 29205 | Bazaar   | Found Tiogeag's Armour Emporium.
 29220 | Bazaar   | Found Avaevung's Jewellery Shoppe.
 29224 | Bazaar   | Bought an uncursed amulet of resist mutation for 480 gold pieces
 29236 | Bazaar   | Found Pripn's Magic Scroll Emporium.
 29267 | Bazaar   | Bought a scroll of recharging for 99 gold pieces
 29267 | Bazaar   | Bought a scroll of acquirement for 936 gold pieces
 29267 | Bazaar   | Bought a scroll of recharging for 99 gold pieces
 29426 | Elf:2    | Received a gift from Yredelemnul
 29676 | Elf:3    | Entered Level 3 of the Elven Halls
 29691 | Elf:3    | Noticed a deep elf blademaster
 29713 | Elf:3    | Noticed a deep elf master archer
 29719 | Elf:3    | Killed a deep elf blademaster
 29723 | Elf:3    | Noticed a deep elf blademaster
 29725 | Elf:3    | Noticed a Hell Sentinel
 29732 | Elf:3    | Killed a deep elf master archer
 29733 | Elf:3    | Killed a deep elf blademaster
 29746 | Elf:3    | Received a gift from Yredelemnul
 29780 | Elf:3    | Killed from afar by a deep elf sorcerer

Action                   |  1- 3 |  4- 6 |  7- 9 | 10-12 | 13-15 | 16-18 || total
-------------------------+-------+-------+-------+-------+-------+-------++-------
Melee: Unarmed           |   113 |   211 |   327 |   630 |  1540 |   135 ||  2956
Invok: Animate Remains   |       |     4 |       |       |       |       ||     4
       Animate Dead      |       |     9 |    13 |    35 |   116 |     4 ||   177
       Recall Undead Sla |       |       |     1 |     7 |    10 |     6 ||    24
       Enslave Soul      |       |       |       |     1 |     6 |     4 ||    11
Evoke: Wand              |       |       |     6 |     9 |    16 |     4 ||    35
  Use: Potion            |       |     5 |     6 |     6 |     8 |     9 ||    34
       Scroll            |       |       |    16 |    13 |    18 |     7 ||    54
 Stab: Distracted        |       |       |       |     5 |    18 |       ||    23
       Confused          |       |       |       |     1 |       |       ||     1
       Invisible         |       |       |       |       |     7 |       ||     7
